Map: [ESL] Hecate

Players

Mixu

  • Race: Zerg Zerg
  • League: Grandmaster
  • Spawn Location: 7:00

Scarlett - Winner!

  • Race: Zerg Zerg
  • Spawn Location: 1:00

Event: HomeStory Cup XXIV

VOD

Have the link to the VOD?

Description

Time

  • Played on: Dec. 2, 2023, 12:44 p.m.
  • Length: 16:49

All games in this series

Show
View Real Time Build Order
Export as new Build Order

Mixu Zerg 

Build Orders: Hatch First 

Get SALT Encoding   

  12  0:00  Drone  
  13  0:12  Overlord  
  13  0:16  Drone  
  14  0:30  Drone x2  
  16  0:48  Hatchery  
  15  0:51  Drone  
  15  0:54  Drone  
  17  0:57  Drone  
  18  1:09  Extractor  
  17  1:12  Spawning Pool  
  17  1:16  Drone  
  17  1:19  Drone  
  18  1:29  Drone  
  19  1:59  Queen x2  
  19  2:00  Zergling x8  
  27  2:11  Zergling x2  
  27  2:14  Overlord  
  26  2:23  Zergling x2  
  26  2:29  Drone  
  25  2:32  Drone  
  26  2:43  Drone x2  
  28  2:47  Drone  
  29  2:54  Drone  
  29  2:56  Drone  
  31  3:10  Hatchery  
  30  3:13  Overlord  
  30  3:23  Metabolic Boost  
  30  3:31  Drone x5  
  35  3:37  Overlord  
  35  3:38  Drone  
  36  3:50  Overlord  
  36  3:55  Queen  
  38  3:57  Drone x2  
  38  4:00  Roach Warren  
  39  4:03  Drone  
  39  4:05  Drone  
  39  4:06  Drone  
  39  4:08  Drone  
  43  4:11  Drone  
  43  4:12  Drone  
  43  4:14  Drone  
  46  4:17  Drone  
  46  4:23  Drone x2  
  49  4:24  Evolution Chamber  
  49  4:29  Extractor, Overlord  
  47  4:32  Drone x3  
  47  4:37  Zergling x4  
  52  4:40  Zergling x2  
  52  4:44  Zergling x4  
  55  4:54  Extractor  
  55  4:55  Zerg Missile Weapons Level 1, Overlord  
  55  4:56  Zergling x4  
  55  5:02  Zergling x6  
  55  5:06  Zergling x6  
  55  5:07  Zergling x4  
  63  5:14  Lair, Overlord  
  63  5:15  Drone x2  
  63  5:18  Drone x2  
  66  5:22  Drone  
  66  5:24  Drone  
  66  5:26  Drone x3  
  71  5:30  Drone  
  71  5:35  Drone x2  
  73  5:39  Drone x2  
  75  5:43  Drone, Evolution Chamber  
  75  5:45  Overlord  
  75  5:46  Extractor, Drone x2  
  76  5:51  Overlord x2  
  75  5:58  Roach x3  
  75  6:01  Overlord  
  75  6:02  Overlord  
  81  6:05  Roach x2  
  81  6:09  Zerg Ground Armor Level 1  
  85  6:13  Roach x2  
  85  6:18  Roach x2  
  91  6:20  Roach  
  91  6:23  Overlord  
  93  6:27  Roach x3  
  93  6:30  Glial Reconstitution  
  98  6:34  Roach x2  
  98  6:37  Drone  
  103  6:41  Drone x2  
  103  6:44  Drone x2  
  103  6:45  Roach x2  
  109  6:52  Roach  
  109  6:53  Roach x3  
  116  7:00  Overlord  
  115  7:02  Drone x4  
  115  7:03  Extractor, Roach x2  
  115  7:04  Ravager x3  
  124  7:08  Ravager  
  124  7:10  Roach  
  126  7:16  Overlord x2  
  126  7:17  Overlord  
  126  7:21  Roach x4  
  134  7:31  Overlord x2  
  134  7:32  Zerg Missile Weapons Level 2  
  134  7:36  Roach  
  132  7:39  Roach x2  
  132  7:42  Roach  
  137  7:44  Spine Crawler  
  137  7:46  Roach x3  
  137  7:49  Roach  
  143  7:51  Roach  
  143  7:52  Roach  
  143  7:57  Roach x2  
  151  8:00  Roach x2  
  151  8:05  Roach x3  
  157  8:11  Roach x3  
  163  8:13  Roach  
  163  8:16  Overlord  
  163  8:18  Roach x2  
  163  8:19  Extractor  
  164  8:27  Roach x3  
  164  8:28  Hatchery  
  164  8:31  Overlord x2  
  169  8:36  Roach x2  
  169  8:40  Roach x2  
  177  8:45  Drone, Roach x2  
  178  8:48  Overlord  
  178  8:49  Overlord x2  
  178  8:59  Overlord  
  178  9:06  Roach  
  180  9:10  Roach x8  
  180  9:15  Roach x2  
  194  9:22  Overseer  
  192  9:26  Overseer, Roach x4  
  200  9:32  Overlord x3  
  200  9:52  Roach x9  
  200  9:58  Roach x5  
  198  10:07  Roach  
  198  10:10  Overseer  
  198  10:13  Roach  
  198  10:14  Roach  
  200  10:16  Roach x2  
  200  10:20  Zerg Ground Armor Level 2  
  190  10:29  Roach x5  
  190  10:31  Roach x4  
  187  10:36  Roach x2  
  181  10:43  Roach x6  
  181  10:46  Roach x2  
  195  10:54  Roach x3  
  191  10:57  Roach x2  
  191  11:00  Roach x2  
  175  11:05  Roach x2  
  175  11:10  Roach x2  
  169  11:15  Roach  
  167  11:19  Roach x3  
  165  11:27  Roach x4  
  165  11:28  Queen  
  165  11:32  Roach  
  174  11:33  Ravager x4  
  174  11:38  Roach x3  
  182  11:40  Roach  
  182  11:45  Roach x2  
  182  11:46  Roach  
  189  11:47  Ravager  
  189  11:48  Ravager  
  187  11:56  Roach  
  187  11:58  Roach x4  
  187  12:00  Roach  
  181  12:06  Roach x2  
  177  12:18  Roach x5  
  169  12:23  Roach x2  
  169  12:28  Roach x2  
  174  12:30  Roach  
  171  12:37  Roach x4  
  171  12:38  Ravager  
  171  12:41  Drone x2  
  171  12:44  Ravager x3  
  180  12:45  Roach  
  182  12:54  Roach x3  
  186  13:03  Roach x3  
  190  13:07  Roach x2  
  196  13:15  Roach  
  196  13:16  Roach Warren  
  192  13:28  Drone x3  
  183  13:56  Roach  
  183  13:57  Roach x7  
  197  14:03  Roach  
  195  14:13  Roach x2  
  195  14:14  Roach x9  
  193  14:19  Roach x3  
  193  14:24  Roach x3  
  193  14:30  Overlord x3  
  190  14:40  Overlord  
  162  14:45  Roach  
  162  14:46  Roach x8  
  162  14:52  Roach x3  
  147  15:00  Roach x3  
  147  15:06  Roach x3  
  138  15:13  Roach x3  
  126  15:19  Roach x2  
  124  15:24  Roach x2, Ravager  
  124  15:25  Ravager  
  130  15:29  Roach x2  
  130  15:33  Roach  
  136  15:36  Roach  
  136  15:41  Roach x2  
  140  15:48  Roach  
  140  15:49  Roach x2  
  138  15:57  Roach  
  131  16:01  Roach  
  123  16:06  Roach  
  123  16:09  Ravager  
  126  16:13  Roach  
  128  16:19  Roach x3  
Show
View Real Time Build Order
Export as new Build Order

Scarlett Zerg - Winner!

Build Orders: Pool First 

Get SALT Encoding   

  12  0:18  Spawning Pool  
  12  0:20  Drone  
  12  0:24  Drone  
  13  0:30  Drone  
  14  0:38  Overlord  
  14  1:04  Zergling x6  
  17  1:14  Hatchery  
  17  1:15  Zergling x2  
  17  1:26  Zergling x2  
  17  1:31  Queen  
  20  1:38  Drone  
  21  1:47  Overlord  
  21  1:59  Drone  
  22  2:06  Queen  
  24  2:12  Drone  
  23  2:30  Drone  
  23  2:32  Drone  
  23  2:33  Queen  
  23  2:34  Drone  
  28  2:38  Drone  
  28  2:40  Drone x3  
  32  2:46  Queen  
  34  2:53  Overlord  
  34  2:57  Drone  
  35  3:12  Drone x7  
  42  3:16  Overlord  
  42  3:20  Extractor  
  42  3:21  Extractor  
  42  3:22  Drone x2  
  42  3:29  Drone  
  43  3:35  Drone x3  
  46  3:41  Drone x3  
  49  3:49  Drone x2, Evolution Chamber  
  50  3:57  Drone  
  50  3:59  Overlord  
  50  4:01  Extractor  
  50  4:05  Drone  
  50  4:07  Roach Warren  
  50  4:08  Lair  
  50  4:11  Drone  
  50  4:15  Overlord x2  
  51  4:18  Drone x3  
  51  4:22  Zerg Missile Weapons Level 1  
  51  4:23  Drone  
  51  4:24  Drone  
  56  4:29  Drone  
  57  4:39  Drone x4  
  57  4:41  Extractor  
  57  4:45  Hatchery  
  59  4:48  Roach x2  
  59  4:52  Roach  
  65  4:56  Roach x2  
  69  5:03  Roach x2  
  73  5:08  Glial Reconstitution, Roach  
  73  5:10  Overseer  
  75  5:14  Overlord x2  
  75  5:26  Evolution Chamber  
  74  5:34  Roach x5  
  84  5:41  Roach x4  
  92  5:46  Overlord  
  92  5:47  Overlord  
  92  5:52  Zerg Ground Armor Level 1  
  92  5:59  Drone x6  
  98  6:15  Drone x7  
  103  6:19  Overlord  
  103  6:20  Drone x2  
  104  6:27  Roach  
  104  6:28  Roach  
  104  6:32  Zerg Missile Weapons Level 2  
  108  6:33  Drone x3  
  108  6:35  Extractor  
  108  6:37  Overlord x3  
  110  6:46  Drone x7  
  117  6:47  Extractor  
  117  6:51  Overlord  
  116  7:00  Hatchery  
  115  7:05  Ravager  
  115  7:06  Ravager x3  
  119  7:09  Roach x6  
  131  7:16  Roach x4  
  131  7:21  Overlord x2  
  131  7:22  Overlord  
  139  7:26  Roach x3  
  145  7:36  Roach x4  
  153  7:48  Roach  
  153  7:49  Roach x5  
  153  7:50  Zerg Ground Armor Level 2  
  165  7:54  Roach x4  
  165  7:56  Burrow  
  173  7:58  Tunneling Claws  
  173  8:05  Ravager x2  
  172  8:09  Roach x2  
  177  8:22  Roach x3  
  177  8:23  Overlord x2  
  182  8:33  Overseer  
  182  8:34  Overlord x2  
  182  8:45  Roach x11  
  196  8:53  Ravager x3  
  199  9:14  Roach x2  
  197  9:26  Ravager  
  197  9:31  Ravager  
  192  9:43  Roach x6  
  186  9:57  Roach x10  
  200  10:01  Ravager  
  200  10:02  Ravager x2  
  200  10:03  Overseer  
  200  10:04  Pneumatized Carapace, Drone, Roach x15  
  198  10:07  Spine Crawler  
  198  10:08  Spine Crawler  
  198  10:12  Roach x2  
  198  10:13  Drone x10  
  193  10:16  Roach  
  193  10:17  Roach x3  
  193  10:19  Spine Crawler  
  198  10:25  Roach  
  198  10:26  Roach x3  
  197  10:30  Roach  
  197  10:33  Roach x9  
  200  10:37  Roach  
  194  10:46  Spine Crawler  
  194  10:49  Spine Crawler x2  
  180  11:04  Roach x10  
  198  11:14  Ravager  
  198  11:17  Roach x2  
  199  11:23  Roach  
  199  11:24  Roach x2  
  199  11:26  Roach x4  
  196  11:35  Roach x2  
  200  11:46  Spine Crawler  
  199  11:47  Spine Crawler  
  199  11:49  Spine Crawler  
  199  11:50  Roach  
  199  12:02  Drone x4  
  199  12:10  Roach x2  
  199  12:13  Roach  
  197  12:22  Roach x2  
  189  12:23  Hatchery  
  189  12:24  Roach x5  
  189  12:25  Roach x3  
  189  12:26  Ravager  
  199  12:31  Roach x2  
  199  12:32  Ravager  
  199  12:33  Ravager  
  199  12:34  Roach x2  
  200  12:46  Roach x3  
  194  12:52  Roach x3  
  194  12:53  Roach x15  
  194  12:56  Infestation Pit  
  191  13:20  Roach x4  
  191  13:21  Roach  
  197  13:28  Roach x2  
  197  13:32  Roach  
  195  13:36  Roach x3  
  199  13:58  Ravager  
  198  14:03  Overseer  
  198  14:06  Overseer  
  198  14:08  Drone x5  
  192  14:20  Drone x6, Roach x30  
  192  14:21  Ravager  
  192  14:22  Overseer, Ravager  
  192  14:23  Overseer  
  200  14:28  Hive  
  195  14:40  Roach x4  
  195  14:42  Roach x19  
  195  14:44  Roach x5  
  195  14:45  Ravager x3  
  198  14:46  Ravager x2  
  178  15:03  Roach x16  
  185  15:08  Roach x2  
  185  15:09  Roach x2  
  185  15:10  Roach x9  
  195  15:17  Drone x8  
  195  15:18  Roach x3  
  187  15:25  Roach x6  
  187  15:27  Ravager  
  200  15:29  Roach x3  
  194  15:39  Roach x4  
  194  15:41  Roach x2  
  194  15:42  Roach  
  200  15:55  Roach x3  
  196  16:03  Roach x3  
  189  16:04  Roach x4  
  189  16:05  Roach x4  
  199  16:15  Overseer  
  199  16:16  Overlord x3  
  199  16:26  Roach x2, Spine Crawler x2  
  199  16:27  Roach  
Tags
 
Add a new tag
Caveats
  • Supply blocks, unpowered buildings, or Contaminate may cause inaccurate times.
  • Supply counts are checked every 10 seconds.